 Dungeon Crawl Stone Soup version 0.18-a0-1789-gbeff17f (webtiles) character file.

86 Moloch the Cudgeler (level 4, 0/44 HPs)
             Began as an Ogre Gladiator on Apr 21, 2016.
             Slain by a worm (9 damage)
             ... on level 2 of the Dungeon.
             The game lasted 00:03:28 (1964 turns).

Moloch the Cudgeler (Ogre Gladiator)                Turns: 1964, Time: 00:03:31

Health: 0/44       AC:  3    Str: 21    XL:     4   Next: 49%
Magic:  4/4        EV:  5    Int:  7    God:
Gold:   164        SH: 11    Dex: 10    Spells: 0 memorised, 3 levels left

rFire  . . .     SeeInvis .     a - +0 flail
rCold  . . .     Gourm    .     b - +0 robe
rNeg   . . .     Faith    .     r - +0 large shield
rPois  .         Spirit   .     c - +0 hat
rElec  .         Dismiss  .     (no cloak)
rCorr  .         Reflect  .     (gloves unavailable)
SustAt .         Harm     .     (boots unavailable)
MR     .....                    (no amulet)
Stlth  +.........               (no ring)
                                (no ring)

@: not resistant to hostile enchantments, very unstealthy
A: unfitting armour, tough skin 1
a: no special abilities


You were on level 2 of the Dungeon.
You were not hungry.

You visited 1 branch of the dungeon, and saw 2 of its levels.

You collected 164 gold pieces.

Inventory:

Hand Weapons
 a - a +0 flail (weapon)
Missiles
 d - 4 throwing nets
 e - 2 javelins (quivered)
 l - 18 stones
Armour
 b - a +0 robe (worn)
 c - a +0 hat (worn)
 r - a +0 large shield (worn)
Jewellery
 m - an uncursed ring of positive energy {unknown}
Scrolls
 g - 2 scrolls of remove curse {unknown}
 i - 2 scrolls of immolation {unknown}
 k - a scroll of fog {unknown}
 q - a scroll of magic mapping {unknown}
 s - a scroll of identify {unknown}
Potions
 h - 2 potions of curing {unknown}
 j - a potion of cure mutation {unknown}
 t - a potion of magic {unknown}
Comestibles
 f - 2 bread rations
 n - a beef jerky
 o - 3 chunks of flesh
 p - a royal jelly
 u - a meat ration


   Skills:
 - Level 2.6 Fighting
 + Level 6.0 Maces & Flails
 + Level 3.1 Throwing
 - Level 2.6 Dodging


You had 3 spell levels left.
You didn't know any spells.

Dungeon Overview and Level Annotations

Branches:
Dungeon (2/15)

Altars:
Gozag

Annotations:
D:2 Natasha


Innate Abilities, Weirdness & Mutations

You are too large for most types of armour.
You have tough skin (AC +1).


Message History

The crimson imp blinks!
Natasha claws you.
You hit Natasha but do no damage.
Natasha is moderately wounded.
Natasha claws you.
You closely miss Natasha.
Natasha is moderately wounded.
Natasha claws you but does no damage.
Natasha casts a spell.
You hit Natasha.
Natasha is severely wounded.
The crimson imp blinks!
The worm bites you! Natasha completely misses you. The crimson imp hits you.
Unknown command.
You hit Natasha.
Natasha is almost dead.
Natasha claws you!
* * * LOW HITPOINT WARNING * * *
The crimson imp hits you but does no damage.
The worm bites you!
You die...

.###.# #... ##......# #.... .#
#.# ###. #.#.##.## #.... .###.#
#. #.####..#####.... ..##.# #.
#.. ##.>...#.... #.##.# #5###.
#####...... .....# ..### ##
###.... .##.##########
..###..## #..#.... #
#[..)......###hw...............
#########....#@5#.# ##.##...(
................# # #....
##########.....## #####
###....# .....# .##.)..# .
##### ##


You could see a worm, Natasha and 2 crimson imps.

Vanquished Creatures
  An adder (D:2)
  3 gnolls
  An ooze (D:1)
  A worm (D:2)
  2 dart slugs
  3 giant geckos (D:1)
  3 giant cockroaches
  4 goblins
  4 hobgoblins
  5 bats
  4 giant newts
  2 kobolds (D:1)
  3 rats
36 creatures vanquished.

Notes
Turn   | Place    | Note
--------------------------------------------------------------
     0 | D:1      | Moloch the Ogre Gladiator began the quest for the Orb.
     0 | D:1      | Reached XP level 1. HP: 22/22 MP: 1/1
   123 | D:1      | Reached XP level 2. HP: 18/29 MP: 2/2
  1023 | D:1      | Reached skill level 5 in Maces & Flails
  1143 | D:1      | Reached XP level 3. HP: 34/36 MP: 3/3
  1668 | D:1      | Reached XP level 4. HP: 38/44 MP: 4/4
  1763 | D:2      | Found an opulent altar of Gozag.
  1932 | D:2      | Reached skill level 6 in Maces & Flails
  1955 | D:2      | Noticed Natasha
  1964 | D:2      | Slain by a worm

Vault maps used:
D:1:      sevenhm_arrival_forest_fort_large_2
D:2:      nicolae_gozag_seed_capital, first_bread,
          nicolae_dithmenos_through_a_glass_darkly, uniq_natasha, uniq_robin

Skill      XL: |  1  2  3  4 |
---------------+-------------+-----
Maces & Flails | 5 6 |  6.0
Throwing       | 3 |  3.1
Fighting       | |  2.6
Dodging        | |  2.6

Action                   |  1- 3 |  4- 6 || total
-------------------------+-------+-------++-------
Melee: Flail             |   101 |    30 ||   131
Throw: Javelin           |     1 |     2 ||     3
 Stab: Sleeping          |     1 |       ||     1
  Eat: Chunk             |     2 |     1 ||     3
Armor: Robe              |    28 |     7 ||    35
Dodge: Dodged            |    37 |     5 ||    42
Block: Large shield      |    25 |    13 ||    38
